AoeStats
← 739697286

Arena

508589366Analyzed
4v4 RM · 10d ago on Sep 23, 2026· 25m 2s· 8 players
Game mode
Random Map
Map size
Large (8 player)
Population
200
Speed
Normal
Resources
Standard
Victory
Conquest
Starting age
Dark Age
Ending age
Imperial Age
RankedLock teamsTeams togetherTeam positionsShared explorationLock speedFull tech treeHidden civsTurbo modeCheats
Victory
Defeat
🇲🇽 Danes · Mexico
1777
+9
🇲🇽 Saxons · Mexico
1667
+13
🇨🇴 Varangians · Colombia
1585
+17
🇦🇷 Saxons · Argentina
1356
+26
🇨🇳 Saxons · China
1670
-18
🇺🇸 Mongols · United States
1617
-17
🇸🇻 Varangians · El Salvador
1609
-17
🇨🇳 Celts · China
1526
-13
[SotC] Spirit
10:55 Feudal Age
12:00 Double-Bit Axe
14:37 Castle Age
12:18 Horse Collar
15:59 Bow Saw
16:02 Heavy Plow
21:47 Wheelbarrow
26:43 Imperial Age
24:27 Loom
[SotC] PerezPodrido
10:44 Feudal Age
14:42 Castle Age
12:29 Double-Bit Axe
12:25 Horse Collar
13:29 Horse Collar
15:27 Scale Mail Armor
23:44 Forging
24:59 Heavy Plow
24:49 Gold Mining
Rabanito
5:07 Loom
9:51 Feudal Age
11:40 Loom
15:06 Castle Age
Pablete
8:56 Feudal Age
7:15 Loom
9:00 Feudal Age
10:59 Double-Bit Axe
17:44 Fletching
21:22 Castle Age
19:54 Horse Collar
20:06 Gold Mining
22:50 Stone Mining
23:16 Bow Saw
26:01 Wheelbarrow
赢了就睡觉
7:57 Feudal Age
7:43 Loom
8:34 Double-Bit Axe
10:24 Loom
10:45 Loom
12:39 Fletching
21:00 Castle Age
19:51 Horse Collar
22:26 Bodkin Arrow
23:33 Wheelbarrow
22:44 Town Watch
Lastmantillidie
10:08 Feudal Age
11:17 Double-Bit Axe
13:46 Castle Age
12:45 Horse Collar
15:04 Bow Saw
18:19 Loom
20:30 Wheelbarrow
21:19 Stone Mining
23:31 Gold Mining
24:33 Hand Cart
24:22 Heavy Plow
RohanAoE
11:05 Feudal Age
10:05 Loom
11:51 Feudal Age
15:53 Castle Age
14:16 Double-Bit Axe
14:17 Horse Collar
22:58 Scale Barding Armor
739697286
10:30 Feudal Age
11:01 Feudal Age
12:45 Double-Bit Axe
13:09 Horse Collar
15:32 Castle Age
13:13 Horse Collar
15:35 Castle Age
14:40 Gold Mining
15:32 Loom
16:36 Bow Saw
20:06 Wheelbarrow
20:06 Man-at-Arms
21:36 Scale Mail Armor
Connection lost

Rejoining the realm…

Still unreachable

The connection could not be restored.

Session expired

The server has moved on; the page needs a fresh start.